 Dungeon Crawl Stone Soup version 0.24.0-123-gd5b16e6ec5 (webtiles) character file.

Game seed: 200199484602013608, levelgen mode: deterministic

1327 Peloso the Carver (level 8, 0/69 HPs)
             Began as a Minotaur Fighter on Dec 20, 2019.
             Was a Follower of Okawaru.
             Killed from afar by an electric eel (6 damage)
             ... with a bolt of electricity
             ... on level 7 of the Dungeon.
             The game lasted 00:11:48 (5215 turns).

Peloso the Carver (Minotaur Fighter)                Turns: 5215, Time: 00:11:49

Health: 0/69       AC: 13    Str: 20    XL:     8   Next: 34%
Magic:  0/7        EV:  8    Int:  3    God:    Okawaru [*.....]
Gold:   411        SH: 10    Dex: 11    Spells: 7/7 levels left

rFire    . . .     SeeInvis .   a - +1 long sword
rCold    . . .     Gourm    .   c - +0 shield
rNeg     . . .     Faith    .   e - +0 plate armour
rPois    +         Spirit   +   (helmet restricted)
rElec    .         Reflect  .   m - scarf {Spirit}
rCorr    .         Harm     .   (no gloves)
MR       +....                  (no boots)
Stlth    ..........             (no amulet)
HPRegen  0.21/turn              s - ring of protection from magic
MPRegen  0.10/turn              q - +3 ring of evasion

@: no status effects
A: retaliatory headbutt, horns 2, dopey 1, poison resistance, screaming 1, weak
1, evolution 1
a: Heroism, Renounce Religion


You were on level 7 of the Dungeon.
You worshipped Okawaru.
Okawaru was aware of your devotion.
You were very hungry.

You visited 2 branches of the dungeon, and saw 8 of its levels.

You collected 411 gold pieces.

Inventory:

Hand Weapons
 a - a +1 long sword (weapon)
Armour
 b - a +0 scale mail
 c - a +0 shield (worn)
 e - a +0 plate armour (worn)
 h - a scarf of resistance
 m - a scarf of spirit shield (worn)
Jewellery
 i - an uncursed ring of wizardry
 q - a +3 ring of evasion (right hand)
 s - a ring of protection from magic (left hand)
 u - an uncursed ring of poison resistance {unknown}
Wands
 p - a wand of paralysis (14)
Scrolls
 g - a scroll of identify
 j - 2 scrolls of teleportation
 k - 2 scrolls of amnesia
 l - 3 scrolls of enchant armour
 o - 4 scrolls of fear
 y - a scroll of blinking
Potions
 d - a potion of might
 n - a potion of magic
 r - 2 potions of haste
 t - 2 potions of flight
 v - 2 potions of curing {unknown}
 w - 2 potions of invisibility {unknown}
 x - a potion of brilliance {unknown}
 z - a potion of cancellation {unknown}
 A - a potion of lignification {unknown}
Comestibles
 f - 10 rations


   Skills:
 + Level 5.5 Fighting
 + Level 8.0 Long Blades
 + Level 7.4 Armour
 + Level 1.4 Dodging
 + Level 0.2 Stealth
 + Level 6.3 Shields


You had 7 spell levels left.
You didn't know any spells.
Your spell library contained the following spells:

 Spells                   Type           Power        Failure   Level  Hunger
 Animate Skeleton         Necr           N/A          100%        1    ##.....
 Pain                     Necr           #...         100%        1    ##.....
 Regeneration             Chrm/Necr      #.........   100%        3    ####...
 Vampiric Draining        Necr           #.........   100%        3    ####...
 Animate Dead             Necr           N/A          100%        4    #####..


Dungeon Overview and Level Annotations

Branches:
Dungeon (7/15)             Temple (1/1) D:5

Altars:
Dithmenos
Elyvilon
Hepliaklqana
Makhleb
Nemelex Xobeh
Okawaru
Qazlal
Ru
Wu Jian
Xom
Zin
The Shining One

Shops:
D:7 [


Innate Abilities, Weirdness & Mutations

You reflexively headbutt those who attack you in melee.
You have a pair of horns on your head.
You are dopey. (Int -2)
Your system is resistant to poisons. (rPois)
You occasionally shout uncontrollably at your foes.
You are weak. (Str -2)
You evolve.


Message History

The electric eel completely resists.
The bolt of electricity hits you.
You hit the electric eel.
The electric eel is lightly wounded.
The electric eel shoots out a bolt of lightning at you!
The bolt of electricity hits the plant! x2
The bolt of electricity hits the electric eel.
The electric eel completely resists.
The bolt of electricity hits you!
Unknown command.
The electric eel shoots out a bolt of lightning at you!
The bolt of electricity hits you!
The electric eel shoots out a bolt of lightning at you!
The bolt of electricity hits you!
The electric eel shoots out a bolt of lightning at you!
The bolt of electricity hits you!
* * * LOW HITPOINT WARNING * * *
The bolt of electricity hits you!
* * * LOW HITPOINT WARNING * * *
The electric eel shoots out a bolt of lightning at you!
The bolt of electricity hits you!
You die...

######## ########
#......####......#
#................#
.................#
.................#
................@#
.................#
.................#
≈≈♣♣♣♣≈##[.......#
PP≈♣ P♣♣≈♣≈......#
≈≈≈P≈≈≈P♣≈♣;♣♣...#
≈≈≈≈≈♣≈≈P≈≈♣♣;...#
≈≈≈≈≈P≈≈≈≈P≈≈≈♣###
≈≈≈≈≈≈≈≈≈≈≈≈≈≈♣


You could see 2 electric eels.

Vanquished Creatures
  An orc warrior (D:6)
  A phantom (D:4)
  2 sky beasts
  2 ogres
  A bullfrog (D:6)
  A wyvern skeleton (D:6)
  A crimson imp (D:6)
  4 hounds
  An orc priest (D:3)
  Terence (D:3)
  2 iguanas
  2 orc wizards
  3 worker ants (D:6)
  3 gnolls (D:2)
  13 adders
  3 adder zombies
  An adder skeleton (D:5)
  2 worms
  A dart slug (D:2)
  2 leopard geckos
  20 orcs
  A ball python (D:2)
  2 bat skeletons (D:2)
  A bat zombie (D:2)
  2 giant cockroaches
  5 hobgoblins
  6 jackals
  3 quokkas
  11 bats
  3 frilled lizards
  6 goblins
  2 jackal skeletons
  10 kobolds
  3 leopard gecko skeletons
  A leopard gecko zombie (D:2)
  A quokka skeleton (D:2)
  A quokka zombie (D:5)
  10 rats
135 creatures vanquished.

Notes
Turn   | Place    | Note
-------+----------+-------------------------------------------
     0 | D:1      | Peloso the Minotaur Fighter began the quest for the Orb.
     0 | D:1      | Reached XP level 1. HP: 19/19 MP: 0/0
   176 | D:1      | Reached XP level 2. HP: 25/27 MP: 1/1
   663 | D:1      | Gained mutation: Your system is resistant to poisons.
                  | (rPois) [potion of mutation]
   663 | D:1      | Gained mutation: You occasionally shout uncontrollably at
                  | your foes. [potion of mutation]
   663 | D:1      | Gained mutation: You evolve. [potion of mutation]
   808 | D:2      | Reached XP level 3. HP: 33/33 MP: 2/2
   987 | D:2      | Reached XP level 4. HP: 36/41 MP: 3/3
  1038 | D:2      | Reached skill level 5 in Shields
  1046 | D:2      | Reached skill level 3 in Long Blades
  1837 | D:3      | Reached XP level 5. HP: 44/47 MP: 4/4
  1892 | D:3      | Noticed Terence
  1905 | D:3      | Killed Terence
  1905 | D:3      | Reached skill level 4 in Long Blades
  2214 | D:4      | Reached XP level 6. HP: 53/53 MP: 5/5
  2224 | D:4      | Reached skill level 5 in Armour
  2233 | D:4      | Reached skill level 5 in Long Blades
  2338 | D:4      | Gained mutation: You are dopey. (Int -2) [evolution]
  2611 | D:4      | Reached skill level 1 in Dodging
  3509 | D:5      | Entered Level 5 of the Dungeon
  3509 | D:5      | Found a staircase to the Ecumenical Temple.
  3521 | Temple   | Entered the Ecumenical Temple
  3557 | Temple   | Became a worshipper of Warmaster Okawaru
  3568 | Temple   | Gained mutation: You are weak. (Str -2) [evolution]
  3887 | D:5      | Reached XP level 7. HP: 56/60 MP: 6/6
  4370 | D:6      | Found a sacrificial altar of Ru.
  4374 | D:6      | Found a burning altar of Makhleb.
  4381 | D:6      | Reached skill level 6 in Long Blades
  4576 | D:6      | Reached skill level 5 in Fighting
  4720 | D:6      | Reached skill level 7 in Long Blades
  4724 | D:6      | Reached * piety under Okawaru
  4910 | D:6      | Reached XP level 8. HP: 60/68 MP: 5/7
  5131 | D:7      | Found Etuefi's Antique Armour Shop.
  5171 | D:7      | Reached skill level 8 in Long Blades
  5215 | D:7      | Killed from afar by an electric eel

Levels and vault maps discovered:
D:1:      ncdulo_halloftheorcs, layout_loops_ring
D:2:      layout_loops_corners, serial_undead, serial_undead_f, serial_undead_b,
          serial_undead_d, serial_undead_b, serial_undead_f, serial_undead_e,
          amethyst_killhole
D:3:      layout_rooms, first_ration, uniq_terence
D:4:      layout_layer_cave, hangedman_decor_clover_reticule
D:5:      layout_basic, temple_fountains
D:6:      minmay_razor_zed, layout_basic, grunt_temple_overflow_open,
          serial_rivers, chequers_serial_rivers_micro_d,
          chequers_serial_rivers_micro_b, chequers_serial_rivers_small_3,
          chequers_serial_rivers_micro_c, chequers_serial_rivers_small_3
D:7:      layout_basic, serial_shops, shop, the_bakery, serial_bayou_lake_a
Temple:   regret_index_temple_chain_breaker

Skill      XL: |  1  2  3  4  5  6  7  8 |
---------------+-------------------------+-----
Shields        | 4 5 6 |  6.3
Fighting       | 4 5 |  5.5
Armour         | 4 5 6 7 |  7.4
Long Blades    | 3 4 5 7 8 |  8.0
Dodging        | 1 |  1.4
Stealth        | |  0.2

Action                   |  1- 3 |  4- 6 |  7- 9 || total
-------------------------+-------+-------+-------++-------
Melee: Long sword        |   139 |   206 |   109 ||   454
       Headbutt          |    17 |    31 |    21 ||    69
  Use: Potion            |     2 |     1 |       ||     3
       Scroll            |       |     7 |     4 ||    11
  Eat: Chunk             |       |     7 |     3 ||    10
       Ration            |       |     1 |       ||     1
Armor: Plate armour      |   108 |   123 |    45 ||   276
       Scale mail        |     1 |       |       ||     1
Dodge: Dodged            |    23 |    40 |    30 ||    93
Block: Shield            |    83 |   104 |    38 ||   225
       Rpst.: Long sword |     7 |    13 |     8 ||    28
